 Dungeon Crawl Stone Soup version 0.19-a0-994-g3c636f0 (webtiles) character file.

21 ololoev the Vandal (level 2, 26/26 HPs)
             Began as a Deep Dwarf Hunter on July 15, 2016.
             Quit the game on level 1 of the Dungeon.
             The game lasted 00:01:17 (322 turns).

ololoev the Vandal (Deep Dwarf Hunter)               Turns: 322, Time: 00:01:17

Health: 26/26      AC:  3    Str: 15    XL:     2   Next: 62%
Magic:  2/2        EV: 12    Int: 11    God:
Gold:   30         SH:  0    Dex: 13    Spells: 0 memorised, 1 level left

rFire  . . .     SeeInvis .     o - -3 hand axe (curse)
rCold  . . .     Gourm    .     c - +0 leather armour
rNeg   . . .     Faith    .     (no shield)
rPois  .         Spirit   .     (no helmet)
rElec  .         Dismiss  .     (no cloak)
rCorr  .         Reflect  .     (no gloves)
SustAt .         Harm     .     (no boots)
MR     .....                    (no amulet)
Stlth  +.........               (no ring)
                                (no ring)

@: non-regenerating, not resistant to hostile enchantments, very unstealthy
A: damage resistance, recharge devices, sense surroundings 1, slow regeneration
3
a: Device Recharging


Innate Abilities, Weirdness & Mutations

You are resistant to damage.
You can recharge devices by infusing magical energy.
You passively map a small area around you.
You do not regenerate naturally.

Inventory:

Hand Weapons
 a - a +1 hunting sling
 b - a +0 short sword
 o - a cursed -3 hand axe (weapon)
Missiles
 d - 32 sling bullets
 g - 18 stones (quivered)
Armour
 c - a +0 leather armour (worn)
Wands
 e - a wand of heal wounds (4/9)
Scrolls
 h - 3 scrolls of magic mapping {unknown}
 k - 3 scrolls of teleportation {unknown}
 m - 2 scrolls of identify {unknown}
 n - a scroll of noise {unknown}
Potions
 j - 2 potions of lignification {unknown}
 l - a potion of degeneration {unknown}
Comestibles
 f - a bread ration
 i - a meat ration


   Skills:
 + Level 2.1 Fighting
 - Level 4.5 Slings
 + Level 1.2 Armour
 + Level 2.4 Dodging
 - Level 1.2 Stealth
 + Level 0.6 Evocations


You had one spell level left.
You didn't know any spells.


You were on level 1 of the Dungeon.
You were not hungry.

You visited 1 branch of the dungeon, and saw 1 of its levels.

You collected 30 gold pieces.

#####...#
#.......#
#.......#
#...(...#
###
#......##
#..
#......#
##.#
####...#
#...
#####.###
#... ,
#@.....#
#... ,
#...†(.#
#... *
#(....(#
#...
#####.##
#... *
#.# ##.#
, * ,..#
#.. * ...
#..
,....*
#.. , ,
....# #..

Notes
Turn   | Place    | Note
-------+----------+-------------------------------------------
     0 | D:1      | ololoev the Deep Dwarf Hunter began the quest for the Orb.
     0 | D:1      | Reached XP level 1. HP: 19/19 MP: 1/1
    30 | D:1      | Reached XP level 2. HP: 4/26 MP: 2/2
    93 | D:1      | Reached skill level 1 in Armour
   322 | D:1      | Quit the game

Dungeon Overview and Level Annotations

Branches:
Dungeon (1/15)

Altars:


Message History

g - 24 stones (gained 1)
Found a runed hand axe.
m - 2 scrolls labeled JOODI WYICUDGH (gained 1)
A bat comes into view.
The bat moves out of view.
A bat is nearby!
Firing (i - inventory. (,) - cycle):
g - 24 stones (quivered)
Press: ? - help, Shift-Dir - straight line, f - bat
Aim: a bat You shoot a stone.
The stone barely misses the bat.
The bat hits you but does no damage.
Firing (i - inventory. (,) - cycle):
g - 23 stones (quivered)
Press: ? - help, Shift-Dir - straight line, f/p - bat
Aim: a bat You shoot a stone.
The stone barely misses the bat.
The bat hits you but does no damage.
Firing (i - inventory. (,) - cycle):
g - 22 stones (quivered)
Press: ? - help, Shift-Dir - straight line, f/p - bat
Aim: a bat You shoot a stone.
The stone closely misses the bat.
The bat hits you but does no damage.
Firing (i - inventory. (,) - cycle):
g - 21 stones (quivered)
Press: ? - help, Shift-Dir - straight line, f/p - bat
Aim: a bat You shoot a stone.
The stone completely misses the bat.
The bat closely misses you.
Firing (i - inventory. (,) - cycle):
g - 20 stones (quivered)
Press: ? - help, Shift-Dir - straight line, f/p - bat
Aim: a bat You shoot a stone.
The stone barely misses the bat.
The bat closely misses you.
Firing (i - inventory. (,) - cycle):
g - 19 stones (quivered)
Press: ? - help, Shift-Dir - straight line, f/p - bat
Aim: a bat You shoot a stone.
The stone closely misses the bat.
The bat barely misses you.
Firing (i - inventory. (,) - cycle):
g - 18 stones (quivered)
Press: ? - help, Shift-Dir - straight line, f/p - bat
Aim: a bat You shoot a stone.
The stone closely misses the bat.
The bat hits you but does no damage.
Firing (i - inventory. (,) - cycle):
g - 17 stones (quivered)
Press: ? - help, Shift-Dir - straight line, f/p - bat
Aim: a bat You shoot a stone.
The stone hits the bat.
The bat is moderately wounded.
The bat barely misses you. x2
Firing (i - inventory. (,) - cycle):
g - 16 stones (quivered)
Press: ? - help, Shift-Dir - straight line, f/p - bat
Aim: a bat (moderately wounded)
You shoot a stone. The stone hits the bat.
You kill the bat!
No target in view!
No target in view!
No target in view!
No target in view!
No target in view!
No target in view!
No target in view!
No target in view!
No target in view!
No target in view!
No target in view!
No target in view!
No target in view!
No target in view!
No target in view!
No target in view!
No target in view!
No target in view!
No target in view!
No target in view!
g - 16 stones (gained 1)
You see here a bat corpse.
g - 17 stones (gained 1)
g - 18 stones (gained 1)
You see here a runed hand axe.
o - a runed hand axe Wield which item (- for none, * to show all)? (? for menu, Esc to quit)
It sticks to your hand!
o - a cursed -3 hand axe (weapon)
Are you sure you want to abandon this character and quit the game? (Confirm with "yes".)

There were no monsters in sight!

Vanquished Creatures
  A gnoll (D:1)
  2 giant cockroaches (D:1)
  A goblin (D:1)
  6 bats (D:1)
  A kobold (D:1)
  A rat (D:1)
12 creatures vanquished.

Action                   || total
-------------------------++-------
 Fire: Hunting sling     ||    47
Evoke: Wand              ||     1
Armor: Leather armour    ||     7
Dodge: Dodged            ||    13

Vault maps used:
D:1:      evilmike_arrival_run_for_it, st_stairs_10
